 Dungeon Crawl Stone Soup version 0.27-a0-1202-ge72e49191c (webtiles) character file.

Game seed: 12754993294217456287

1063 27snakeeyes612 the Chopper (level 8, -1/62 (73) HPs)
             Began as a Naga Fighter on June 3, 2021.
             Slain by a wight
             ... wielding a +3 flail
              (10 damage)
             ... on level 5 of the Dungeon.
             The game lasted 00:04:44 (8219 turns).

27snakeeyes612 the Chopper (Naga Fighter)           Turns: 8219, Time: 00:04:44

HP:   -1/62 (73)    AC:  9    Str: 20    XL:     8   Next: 27%
MP:   8/8           EV:  3    Int:  9    God:
Gold: 199           SH:  9    Dex: 11    Spells: 7/7 levels left

rFire    . . .     SeeInvis +   a - +0 war axe
rCold    . . .     Faith    .   c - +0 kite shield
rNeg     . . .     Spirit   .   u - +0 plate armour
rPois    +         Reflect  .   (no helmet)
rElec    .         Harm     .   (no cloak)
rCorr    .         Rampage  .   (no gloves)
Will     ++...                  (no barding)
Stlth    ..........             (no amulet)
HPRegen  0.20/turn              r - ring of willpower
MPRegen  0.11/turn              (no ring)

@: heavily drained, very slow
A: AC +2, large, see invisible, deformed body, poison resistance, slowness 2,
spit poison 1, naga tail 1
a: Spit Poison


You were on level 5 of the Dungeon.
You visited 1 branch of the dungeon, and saw 6 of its levels.

You collected 199 gold pieces.

Inventory:

Hand Weapons
 a - a +0 war axe (weapon)
Armour
 b - a +0 scale mail
 c - a +0 kite shield (worn)
 u - a +0 plate armour (worn)
Jewellery
 r - a ring of willpower (left hand)
 s - a ring of wizardry
Wands
 q - a wand of acid (4) (quivered)
Scrolls
 i - 2 scrolls of noise {unknown}
 j - 2 scrolls of silence {unknown}
 l - a scroll of vulnerability {unknown}
 m - a scroll of blinking {unknown}
 n - 5 scrolls of identify {unknown}
 o - a scroll of amnesia {unknown}
 t - 5 scrolls of immolation {unknown}
Potions
 d - a potion of might
 e - 2 potions of cancellation {unknown}
 f - a potion of attraction {unknown}
 g - 3 potions of brilliance {unknown}
 h - a potion of heal wounds {unknown}
 k - 2 potions of mutation {unknown}
 p - a potion of curing {unknown}


   Skills:
 + Level 4.3 Fighting
 + Level 5.6 Axes
 + Level 4.6 Armour
 + Level 1.8 Dodging
 + Level 1.4 Stealth
 + Level 4.2 Shields
 + Level 0.8 Evocations


You had 7 spell levels left.
You didn't know any spells.
Your spell library contained the following spells:

 Spells                   Type           Power      Damage    Failure   Level
 Animate Skeleton         Necr           0%         N/A       100%        1
 Apportation              Tloc           0%         N/A       100%        1
 Corona                   Hex            0%         N/A       100%        1
 Summon Small Mammal      Summ           0%         N/A       100%        1


Dungeon Overview and Level Annotations

Branches:
Dungeon (6/15)
 Temple: D:4-7

Altars:


Innate Abilities, Weirdness & Mutations

Your serpentine skin is tough. (AC +2)
You have supernaturally acute eyesight. (SInv)
Armour fits poorly on your strangely shaped body.
Your system is resistant to poisons. (rPois)
You cover ground very slowly.
You can spit poison.
You have a snake-like lower body.


Message History

You barely miss the wight. You closely miss the wight.
The wight hits you with a +0 battleaxe.
You feel drained. You block the wight's attack.
The wight hits you with a +0 battleaxe!
Unknown command.
You slash the wight!
The wight is heavily damaged.
You closely miss the wight. You block the wight's attack.
The wight completely misses you.
Unknown command.
Your plate armour prevents you from hitting the wight.
The wight is heavily damaged.
You closely miss the wight. The wight hits you with a +3 flail.
You feel drained. The wight hits you but does no damage.
You block the wight's attack.
Unknown command.
You slash the wight!
The wight is almost destroyed.
You hit the wight. The wight barely misses you.
The wight hits you with a +3 flail.
You feel drained. The wight hits you with a +0 battleaxe!
You feel drained.
You closely miss the wight.
The wight is lightly damaged.
You hit the wight but do no damage. The wight hits you with a +3 flail.
You feel drained. You block the wight's attack.
Unknown command.
You hit the wight but do no damage.
The wight is lightly damaged.
Your plate armour prevents you from hitting the wight.
The wight completely misses you. You block the wight's attack.
The wight hits you with a +3 flail!
* * * LOW HITPOINT WARNING * * *
Unknown command.
You hit the wight but do no damage.
The wight is lightly damaged.
You closely miss the wight. The wight hits you with a +0 battleaxe.
* * * LOW HITPOINT WARNING * * *
You feel drained.
* * * LOW HITPOINT WARNING * * *
The wight hits you with a +3 flail!
You die...

#.##.....###.###.##.#.....#<#
#...........................##
#........###.#......#......).#
#.##..##.###.##...#.##...##..#
#............###.##.###.###..#
#.##.###)##### #.##.#######..#
#.##.###.# #.##..........#
#........# ##'###########.#
####.##### ##@†.## #.# #.###
##.zz..## ###.# #.#.##
##...^...## ##.#.#
##....####.........####....###
##........'..<......+..........
#......####.........####....###
##.##.## ##.......## ##.#.#
#.#### ##..(..## ####.### #.#
##...## #.......


You could see 2 wights.

Vanquished Creatures
  Sigmund (D:5)
  A sky beast (D:5)
  A black bear (D:5)
  2 ogres
  2 phantoms
  A wight (D:5)
  A jelly (D:5)
  Jessica (D:2)
  4 iguanas
  Robin (D:2)
  3 gnolls (D:5)
  7 adders
  An ufetubus (D:5)
  An adder skeleton (D:4)
  2 worms (D:3)
  4 dart slugs
  6 orcs
  4 ball pythons
  7 bats
  5 endoplasms
  4 giant cockroaches
  11 goblins
  7 hobgoblins
  16 jackals
  6 kobolds
  3 frilled lizards
  6 rats
108 creatures vanquished.

Vanquished Creatures (others)
  4 fungi (D:4)
4 creatures vanquished.

Grand Total: 112 creatures vanquished

Notes
Turn   | Place    | Note
-------+----------+-------------------------------------------
     0 | D:1      | 27snakeeyes612 the Naga Fighter began the quest for the
                  | Orb.
     0 | D:1      | Reached XP level 1. HP: 21/21 MP: 1/1
   119 | D:1      | Reached XP level 2. HP: 14/28 MP: 2/2
   693 | D:1      | Reached XP level 3. HP: 34/34 MP: 3/3
  1545 | D:2      | Noticed Robin
  2118 | D:2      | Reached XP level 4. HP: 25/42 MP: 4/4
  2321 | D:2      | Noticed Jessica
  2333 | D:2      | Killed Jessica
  2705 | D:2      | Reached skill level 3 in Axes
  2707 | D:2      | Killed Robin
  2898 | D:3      | Reached XP level 5. HP: 27/49 MP: 5/5
  3938 | D:3      | Found a faded altar of an unknown god.
  4638 | D:4      | Noticed a phantom
  4660 | D:4      | Killed a phantom
  4661 | D:4      | Reached skill level 1 in Dodging
  4661 | D:4      | Reached XP level 6. HP: 29/57 MP: 6/6
  4891 | D:4      | Reached skill level 4 in Axes
  5217 | D:5      | Entered Level 5 of the Dungeon
  5391 | D:5      | Reached XP level 7. HP: 23/63 MP: 7/7
  6104 | D:5      | Reached skill level 1 in Stealth
  6223 | D:5      | Reached skill level 5 in Axes
  6506 | D:5      | Noticed Sigmund
  7331 | D:5      | Killed Sigmund
  7332 | D:5      | Reached XP level 8. HP: 72/72 MP: 8/8
  8219 | D:5      | Slain by a wight

Illustrated notes

Levels and vault maps discovered:
D:1:      dpeg_arrival_arbitrary_a, layout_loops_ring
D:2:      layout_basic, uniq_robin, uniq_jessica
D:3:      layout_basic, chequers_ecumenical_altar_simple
D:4:      layout_rooms, serial_aquarium, aquarium_bridge_straight
          [aquarium_subvault_bridge, aquarium_subvault_wall,
          aquarium_subvault_bridge, aquarium_subvault_wall],
          aquarium_bridge_square [aquarium_subvault_bridge,
          aquarium_subvault_bridge, aquarium_subvault_wall,
          aquarium_subvault_wall], aquarium_window_fake, aquarium_window_fake,
          aquarium_view_2g, aquarium_view_2b, aquarium_pool_double
D:5:      layout_loops_corners, sigmund_army
D:6:      layout_rooms, makhleb_blood_cavern_becter,
          grunt_temple_overflow_diamond, gammafunk_temple_overflow_pools,
          minmay_temple_entry_statues_pillars

Skill      XL: |  1  2  3  4  5  6  7 |
---------------+----------------------+-----
Armour         | 3 4 |  4.6
Axes           | 3 4 5 |  5.6
Shields        | 3 4 |  4.2
Dodging        | 1 |  1.8
Fighting       | 4 |  4.3
Stealth        | 1 |  1.4
Evocations     | |  0.8

Action                   |  1- 3 |  4- 6 |  7- 9 || total
-------------------------+-------+-------+-------++-------
Melee: War axe           |   145 |   174 |   132 ||   451
Evoke: Wand              |       |     5 |     4 ||     9
  Use: Scroll            |       |       |     1 ||     1
Armor: Scale mail        |    83 |    88 |    57 ||   228
       Plate armour      |       |       |     8 ||     8
Dodge: Dodged            |    44 |    40 |    38 ||   122
Block: Kite shield       |    90 |    90 |    90 ||   270

Table legend: (Time is in decaauts)
 A = Elapsed time spent in this place.
 B = Non-inter-level travel time spent in this place.
 C = Inter-level travel time spent in this place.
 D = Time resting spent in this place.
 E = Time spent auto-exploring this place.
 F = Levels seen in this place.
 G = Mean time per level.
                   A        B        C        D        E       F      G
               +--------+--------+--------+--------+--------+-----+--------+
         Total |   9853 |   9687 |    166 |   1442 |   7082 |   6 | 1642.2 |
       Dungeon |   9853 |   9687 |    166 |   1442 |   7082 |   6 | 1642.2 |
               +--------+--------+--------+--------+--------+-----+--------+

Top non-repeatable levels by time:
     D:5: 3397 daAuts
     D:1: 1956 daAuts
     D:3: 1897 daAuts
     D:2: 1570 daAuts
     D:4: 1023 daAuts
     D:6: 7 daAuts
